cohdb
Replays
Latest Replays
All Replays
Popular Replays
Top Player Replays
Match Explorer
How It Works
Community
CoH3 Stats
Reddit
Sign in to upload your games and track your stats! →
Sign in with Steam
Match 25090398
Unlisted
Match 25090398
Overview
Messages
Build Orders
End
Construct Barracks
Riflemen Squad
Riflemen Squad
M1 Mortar Team
Grenade Package
Engineer Squad
Infantry Support Center
Riflemen Squad
Advanced Logistics
Construct Motor Pool
Selects Armored Battlegroup
Selects Veteran Crews
Selects M31 Recovery Vehicle
Selects War Machine
Selects Fast Deploy
M1 Anti-tank Gun Team
M8 Greyhound Armored Car
Construct Medical Station
M24 Chaffee Light Tank
M31 Recovery Vehicle
Riflemen Squad
M24 Chaffee Light Tank
M1918 Browning Automatic Rifles
Selects Seek and Destroy
Riflemen Squad
M24 Chaffee Light Tank
M24 Chaffee Light Tank
Selects M4A3E8 Sherman Combat Group
M24 Chaffee Light Tank
YangXYZ
AS R
Ratcommando
Barka
awsdnet
Adolf256
0
0
Comments
sign in to comment!
No comments posted yet!